 Dungeon Crawl Stone Soup version 0.24.0-123-gd5b16e6ec5 (webtiles) character file.

Game seed: 5662892691885701281, levelgen mode: deterministic

8696 vurker the Thaumaturge (level 11, -3/85 HPs)
             Began as a Mummy Earth Elementalist on Jan 28, 2020.
             Was an Initiate of Gozag.
             Killed from afar by a molten gargoyle (20 damage)
             ... with a bolt of magma
             ... on level 10 of the Dungeon.
             The game lasted 00:24:50 (16643 turns).

vurker the Thaumaturge (Mummy Earth Elementalist)  Turns: 16643, Time: 00:24:50

Health: -3/85      AC: 10    Str: 12    XL:     11   Next: 13%
Magic:  18/25      EV: 12    Int: 17    God:    Gozag
Gold:   1442       SH:  0    Dex: 13    Spells: 20/31 levels left

rFire    . . .     SeeInvis .   j - +3 dagger (elec)
rCold    + . .     Gourm    .   (no shield)
rNeg     + + +     Faith    .   p - +2 robe {rF+}
rPois    ∞         Spirit   .   m - +0 helmet
rElec    +         Reflect  .   o - +0 cloak {+Inv}
rCorr    .         Harm     .   q - +2 pair of gloves
MR       ++...                  v - +0 pair of boots
Stlth    ++........             h - amulet of the acrobat
HPRegen  0.24/turn              f - ring "Xubim" {+Fly rElec MR+}
MPRegen  0.19/turn              (no ring)

@: very slightly contaminated
A: no food or potions, fire vulnerability, cold resistance 1, negative energy
resistance 3, torment resistance, unbreathing
a: Potion Petition, Call Merchant, Bribe Branch, Renounce Religion, Evoke
Invisibility, Evoke Flight


You were on level 10 of the Dungeon.
You worshipped Gozag.
Gozag was most pleased with you.
You were not hungry.

You visited 2 branches of the dungeon, and saw 12 of its levels.

You collected 1580 gold pieces.
You paid 138 gold pieces to Gozag.

Inventory:

Hand Weapons
 a - a +2 dagger of venom
   (You took it off a kobold on level 1 of the Dungeon)
 j - a +3 dagger of electrocution (weapon)
   (You took it off a kobold on level 2 of the Dungeon)
Missiles
 b - 112 stones (quivered)
Armour
 m - a +0 helmet (worn)
   (You found it on level 4 of the Dungeon)
 o - a +0 cloak of invisibility (worn)
   (You acquired it on level 8 of the Dungeon)
 p - a +2 robe of fire resistance (worn)
   (You took it off Sigmund on level 3 of the Dungeon)
 q - a +2 pair of gloves (worn)
   (You found it on level 8 of the Dungeon)
 v - a +0 pair of boots (worn)
   (You found it on level 11 of the Dungeon)
Jewellery
 f - the ring "Xubim" (left hand) {+Fly rElec MR+}
   (You found it on level 6 of the Dungeon)

   [ring of flight]

   It insulates you from electricity.
   It affects your resistance to hostile enchantments.
   It lets you fly.
 h - an amulet of the acrobat (around neck)
   (You found it on level 2 of the Dungeon)
Wands
 c - a wand of disintegration (5)
   (You found it on level 7 of the Dungeon)
 d - a wand of iceblast (1)
   (You found it on level 5 of the Dungeon)
 t - a wand of flame (39)
   (You found it on level 9 of the Dungeon)
 x - a wand of acid (4)
   (You found it on level 7 of the Dungeon)
Scrolls
 e - 3 scrolls of amnesia
 g - 2 scrolls of fog
 i - 9 scrolls of remove curse
 k - 2 scrolls of immolation
 l - 7 scrolls of teleportation
 n - 2 scrolls of enchant armour
 r - a scroll of fear {unknown}
 s - a scroll of brand weapon
 u - a scroll of silence {unknown}
 w - a scroll of magic mapping


   Skills:
 + Level 7.7 Fighting
 - Level 1.5 Dodging
 - Level 1.5 Stealth
 + Level 10.9 Spellcasting
 - Level 5.0 Conjurations
 - Level 0.7 Transmutations
 * Level 9.7 Earth Magic


You had 20 spell levels left.
You knew the following spells:

 Your Spells              Type           Power        Failure   Level  Hunger
a - Sandblast             Erth           #####.       1%          1    N/A
b - Stone Arrow           Conj/Erth      ####..       1%          3    N/A
q - Passwall              Tmut/Erth      ####....     1%          2    N/A
z - Lee's Rapid Deconstr  Erth           #####.....   4%          5    N/A

Your spell library contained the following spells:

 Spells                   Type           Power        Failure   Level  Hunger
 Sticks to Snakes         Tmut           ##......     9%          2    N/A
 Petrify                  Tmut/Erth      ####....     9%          4    N/A
 Beastly Appendage        Tmut           Unusable     N/A         1    N/A
 Spider Form              Tmut/Pois      Unusable     N/A         3    N/A
 Ice Form                 Ice/Tmut       Unusable     N/A         4    N/A
 Blade Hands              Tmut           Unusable     N/A         5    N/A

Dungeon Overview and Level Annotations

Branches:
Dungeon (11/15)            Temple (1/1) D:7            Lair (0/6) D:10
    Orc (0/2) D:10

Altars:
Ashenzari
Cheibriados
Dithmenos
Elyvilon
Fedhas
Gozag
Hepliaklqana
Kikubaaqudgha
Makhleb
Nemelex Xobeh
Okawaru
Qazlal
Ru
Sif Muna
Trog
Uskayaw
Vehumet
Wu Jian
Xom
Yredelemnul
Zin
The Shining One

Shops:
D:6 =


Innate Abilities, Weirdness & Mutations

You do not eat or drink.
Your flesh is vulnerable to fire.
You are immune to poison.
Your flesh is cold resistant. (rC+)
You are immune to negative energy. (rN+++)
You are immune to unholy pain and torment.
You can survive without breathing.


Message History

No target in view!
No target in view!
You now have 1442 gold pieces (gained 5).
Things that are here:
a cursed -1 flail; a green potion
There is a stone staircase leading down here.
You climb downwards.
There is a stone staircase leading up here.
An adder comes into view.
Things that are here:
8 gold pieces; a +0 morningstar A rock wall.
The wall shatters!
The blast of rock fragments hits the molten gargoyle but does no damage.
You hear a horrible gurgling sound!
A rock wall.
You miscast Lee's Rapid Deconstruction.
You are very lightly contaminated with residual magic.
You are showered with tiny particles of grit.
There is a stone staircase leading up here.
The molten gargoyle blasts magma at you!
The bolt of magma hits you!! The adder bites you but does no damage.
You climb upwards.
There is a stone staircase leading down here.
You cannot affect that.
A stone staircase leading down.
Okay, then.
The molten gargoyle closely misses you.
The molten gargoyle blasts magma at you!
The bolt of magma hits you!!
* * * LOW HITPOINT WARNING * * *
Aim: a molten gargoyle, wielding a +0 mace of protection The bolt of acid misses the molten gargoyle.
Aim: a molten gargoyle, wielding a +0 mace of protection The bolt of acid hits the molten gargoyle but does no damage.
The molten gargoyle blasts magma at you!
The bolt of magma misses you.
Aim: a molten gargoyle, wielding a +0 mace of protection The bolt of acid hits the molten gargoyle but does no damage.
The molten gargoyle hits you with a +0 mace of protection!
* * * LOW HITPOINT WARNING * * *
You are engulfed in flames!
* * * LOW HITPOINT WARNING * * *
You hit the molten gargoyle but do no damage.
The molten gargoyle blasts magma at you!
The bolt of magma misses you.
You hit the molten gargoyle but do no damage.
The molten gargoyle blasts magma at you!
The bolt of magma hits you!!
You die...
Your body crumbles into a pile of gold.

........# #.........#
........# ###.........#
........###......######
.................#
......###.#.#....#
#.#######...#....#
#.###............#
#.##..#..###.#...#
#.#.....## #.###@#
.....#### #[###9#####
.....# #.......>.#
#...## ###.......#
###.# #.......# # ###
#.......# # ##.......#
# ##........# ##
##.........##


You could see a molten gargoyle.

Vanquished Creatures
  Urug (D:10)
  A molten gargoyle (D:11)
  Joseph (D:7)
  3 trolls
  A hippogriff (D:11)
  Sigmund (D:3)
  5 yaks (D:10)
  2 hungry ghosts
  3 wargs
  A water moccasin (D:4)
  Duvessa (D:4)
  5 orc warriors
  5 ice beasts
  3 sky beasts
  8 ogres
  A swamp drake (D:10)
  A phantom (D:4)
  2 necrophages
  3 centaurs
  A big kobold (D:6)
  2 bullfrogs
  3 scorpions
  Dowan (D:4)
  11 wights
  3 killer bees (D:8)
  3 howler monkeys
  8 crimson imps
  2 bullfrog zombies
  2 centaur skeletons
  6 hounds
  6 orc priests
  A bullfrog skeleton (D:4)
  2 iguanas
  5 worker ants
  6 orc wizards
  2 hound skeletons (D:4)
  A howler monkey zombie (D:5)
  A worker ant zombie (D:9)
  3 gnolls
  13 adders
  A shadow imp (D:6)
  An ooze (D:5)
  An adder skeleton (D:9)
  5 worms
  9 leopard geckos
  32 orcs
  8 bats
  11 giant cockroaches
  5 goblins
  6 hobgoblins
  20 jackals
  7 quokkas
  6 ball pythons
  9 frilled lizards
  16 kobolds
  12 rats
279 creatures vanquished.

Notes
Turn   | Place    | Note
-------+----------+-------------------------------------------
     0 | D:1      | vurker the Mummy Earth Elementalist began the quest for the
                  | Orb.
     0 | D:1      | Reached XP level 1. HP: 13/13 MP: 4/4
    79 | D:1      | Reached skill level 3 in Spellcasting
   249 | D:1      | Reached XP level 2. HP: 20/20 MP: 1/6
   845 | D:1      | Learned a level 2 spell: Passwall
  1036 | D:2      | Reached skill level 1 in Fighting
  1036 | D:2      | Reached XP level 3. HP: 26/26 MP: 8/8
  1041 | D:2      | Learned a level 3 spell: Stone Arrow
  1220 | D:2      | Found a sparkling altar of Nemelex Xobeh.
  2206 | D:3      | Reached XP level 4. HP: 30/32 MP: 9/9
  2278 | D:3      | Reached skill level 4 in Spellcasting
  2517 | D:3      | Found a faded altar of an unknown god.
  2672 | D:3      | Noticed Sigmund
  2677 | D:3      | Killed Sigmund
  2677 | D:3      | Reached skill level 5 in Spellcasting
  2677 | D:3      | Reached XP level 5. HP: 33/38 MP: 5/12
  2752 | D:3      | Learned a level 5 spell: Lee's Rapid Deconstruction
  3188 | D:3      | Reached XP level 6. HP: 38/46 MP: 9/14
  4089 | D:3      | Found a faded altar of an unknown god.
  4451 | D:4      | Reached skill level 6 in Spellcasting
  4451 | D:4      | Reached skill level 1 in Conjurations
  4770 | D:4      | Reached XP level 7. HP: 51/51 MP: 14/16
  5205 | D:4      | Reached skill level 5 in Earth Magic
  5501 | D:4      | Reached skill level 7 in Spellcasting
  5512 | D:4      | Reached XP level 8. HP: 9/60 MP: 5/19
  5901 | D:4      | Noticed Dowan
  5905 | D:4      | Noticed Duvessa
  5913 | D:4      | Killed Dowan
  6181 | D:4      | Killed Duvessa
  6449 | D:5      | Entered Level 5 of the Dungeon
  6666 | D:5      | Reached skill level 8 in Spellcasting
  7962 | D:6      | Got an ancient jade ring
  7963 | D:6      | Identified the ring "Xubim" {+Fly rElec MR+} (You found it
                  | on level 6 of the Dungeon)
  8177 | D:6      | Reached XP level 9. HP: 51/66 MP: 0/21
  8297 | D:6      | Found Ganleor's Jewellery Shop.
  8893 | D:6      | Reached skill level 5 in Fighting
  9410 | D:7      | Noticed Joseph
  9425 | D:7      | Paralysed by Joseph for 7 turns
  9439 | D:7      | Killed Joseph
  9439 | D:7      | Reached skill level 9 in Spellcasting
  9799 | D:7      | Found a staircase to the Ecumenical Temple.
  9808 | Temple   | Entered the Ecumenical Temple
  9868 | Temple   | Became a worshipper of Gozag Ym Sagoz the Greedy
 10761 | D:8      | Identified a scroll of acquirement
 11234 | D:9      | Noticed a troll
 11351 | D:9      | Killed a troll
 11351 | D:9      | Reached XP level 10. HP: 9/76 MP: 10/23
 11726 | D:9      | Got a warped whip
 11727 | D:9      | Identified the +6 whip "Kuston" {vamp, *Rage Str+5 SInv
                  | Stlth-} (You found it on level 9 of the Dungeon)
 12826 | D:9      | Found a shimmering altar of Xom.
 13068 | D:10     | Entered Level 10 of the Dungeon
 13081 | D:10     | Reached skill level 5 in Conjurations
 13185 | D:9      | Reached skill level 10 in Spellcasting
 13646 | D:10     | Noticed Urug
 14372 | D:10     | Found a staircase to the Lair.
 14445 | D:10     | Killed Urug
 14755 | D:10     | Got a shadowed robe
 14766 | D:10     | Identified the cursed +0 robe "Bona" {rCorr Str+6} (You
                  | found it on level 10 of the Dungeon)
 15199 | D:10     | Reached XP level 11. HP: 56/84 MP: 9/25
 15787 | D:10     | Found a staircase to the Orcish Mines.
 16466 | D:11     | Got a twisted plate armour
 16484 | D:11     | Noticed a two-headed ogre
 16643 | D:10     | Killed from afar by a molten gargoyle

Levels and vault maps discovered:
D:1:      dpeg_arrival_arbitrary_b, layout_loops_ring
D:2:      layout_basic, nemelex_lonely_heart_becter
D:3:      layout_loops_ring, chequers_ecumenical_altar_island,
          minmay_statues_item, uniq_sigmund
D:4:      minmay_inner_zag, layout_cave_pools, first_ration,
          minmay_joined_circles, uniq_duvessa
D:5:      layout_rooms, dk_noncrumbling_3
D:6:      layout_gridville, serial_shops, shop_fountains
D:7:      layout_basic, minmay_temple_entry_trees, uniq_joseph
D:8:      layout_loops_ring
D:9:      layout_roguey, tgw_xom
D:10:     layout_rooms, erik_lair_orcish_takeover, erik_orc_1,
          hangedman_stone_soup, uniq_urug
D:11:     layout_irregular_city, basic_altar, minivault_8, uniq_nergalle
Temple:   nicolae_temple_the_god_donut

Skill      XL: |  1  2  3  4  5  6  7  8  9 10 |
---------------+-------------------------------+-----
Spellcasting   | 3 5 6 7 8 9 10 | 10.9
Fighting       | 1 2 3 4 6 7 |  7.7
Earth Magic    | 3 4 5 6 7 9 |  9.7
Conjurations   | 1 2 3 4 5 |  5.0
Dodging        | |  1.5
Stealth        | |  1.5
Transmutations | |  0.7

Action                   |  1- 3 |  4- 6 |  7- 9 | 10-12 || total
-------------------------+-------+-------+-------+-------++-------
Melee: Unarmed           |    15 |       |       |       ||    15
       Dagger            |    71 |    26 |    49 |    39 ||   185
 Cast: Sandblast         |    35 |    33 |   105 |    26 ||   199
       Stone Arrow       |     2 |    33 |   138 |   110 ||   283
       Lee's Rapid Decon |       |       |     1 |    36 ||    37
Evoke: Wand              |       |       |     5 |     7 ||    12
  Use: Scroll            |       |       |    11 |     4 ||    15
 Stab: Sleeping          |     4 |       |     1 |       ||     5
Armor: Robe              |    13 |     5 |    40 |    17 ||    75
Dodge: Dodged            |    59 |    31 |   104 |    56 ||   250
